 Dungeon Crawl Stone Soup version 0.28-a0-1152-g9c71ebef14 (webtiles) character file.

Game seed: 5663199353919151364

18 spaghetti the Sneak (level 2, 0/21 HPs)
             Began as an Octopode Delver on Dec 14, 2021.
             Succumbed to Eustachio's poison
             ... on level 4 of the Dungeon.
             The game lasted 00:01:13 (339 turns).

spaghetti the Sneak (Octopode Delver)                Turns: 339, Time: 00:01:14

Health: 0/21       AC:  1    Str: 11    XL:     2   Next: 66%
Magic:  2/2        EV: 13    Int: 12    God:
Gold:   0          SH:  0    Dex: 13    Spells: 1/1 levels left

rFire   . . .      SeeInvis .   d - +0 quarterstaff {staff}
rCold   . . .      Faith    .   (shield currently unavailable)
rNeg    . . .      Spirit   .   (helmet restricted)
rPois   .          Reflect  .   (no amulet)
rElec   .          Harm     .   (no ring)
rCorr   .          Rampage  .   (no ring)
Will    .....                   (no ring)
Stlth   ++++......              (no ring)
HPRegen 0.07/turn               (no ring)
MPRegen 0.08/turn               (no ring)
                                (no ring)
                                (no ring)

@: lethally poisoned (0 -> -5), hasted, very quick
A: almost no armour, amphibious, 8 rings, camouflage 1, gelatinous body 1,
(nimble swimmer 1), tentacles
a: no special abilities


You were on level 4 of the Dungeon.
You visited 1 branch of the dungeon, and saw 3 of its levels.


Innate Abilities, Weirdness & Mutations

You cannot wear most types of armour.
You are amphibious.
You can wear up to eight rings at the same time.
Your skin changes colour to match your surroundings (Stealth+).
Your rubbery body absorbs attacks. (AC +1, EV +1)
((You are camouflaged near water. (Stealth+)))
You have tentacles for arms and can constrict up to eight enemies at once.


   Skills:
 - Level 3.0 Fighting
 - Level 2.0 Polearms
 + Level 0.6(1.4) Staves
 - Level 2.0 Dodging
 + Level 7.4 Stealth


You had one spell level left.
You didn't know any spells.
Your spell library was empty.

Inventory:

Hand Weapons
 a - a +0 spear {polearm}
 d - a +0 quarterstaff (weapon) {staff}
   (You found it on level 6 of the Dungeon)
Missiles
 c - 3 poisoned darts (quivered) {throwing}
Wands
 f - a wand of digging (3)

Dungeon Overview and Level Annotations

Branches:
Dungeon (6/15)
 Temple: D:4-7

Altars:

Shops:
D:5 =

Annotations:
D:5 Eustachio

.## .. ..## #..
..##
###..##..##
.#....#....####
.(.............
.....?......#
.....>.@....#
............#
#..........##
##...##...##
#### #####


There were no monsters in sight!


Message History

As you read the scroll of fear, it crumbles to dust.
You assume a fearsome visage.
The adder looks frightened!
You constrict the adder.
You kill the adder!
Your Stealth skill increases to level 7!
You have reached level 2! 😱 HP[+2] MP[+1]
You now have 21 max hp (+5).
You regained 2 hp, and now have 5/21 hp.
Your mp is fully restored (2).
Unknown command.
Unknown command.
You see here a +0 quarterstaff {staff}.
d - a +0 quarterstaff {staff}
d - a +0 quarterstaff (weapon)
{staff} Unknown command.
You start resting.
A sky beast comes into view.
Unknown command.
Okay, then. 😨 HP[+1]
(D) Dungeon
Where to? (Enter - D:5 @ (x,y), ? - help)
You hear the slow rusting of a very distant drain.
There is a stone staircase leading up here.
You climb upwards.
There is a stone staircase leading down here. 😨 HP[+1] Unknown command.
Unknown command.
You start resting.
An adder comes into view. 😕 HP[+13]
You regained 13 hp, and now have 20/21 hp.
Found a club.
Found an escape hatch in the ceiling.
Eustachio the Magnificent comes into view.
He is wielding a +5 rapier of venom.
You barely miss the adder. You grab the adder. You constrict the adder.
The adder barely misses you. x2
You hit the adder. You constrict the adder.
You kill the adder!
Found Tiw Fubb's Jewellery Boutique.
Eustachio shouts!
Eustachio gestures wildly while chanting. 😎 HP[+1]
Your hp is fully restored (21).
Eustachio casts a spell.
Eustachio blinks!
Found an escape hatch in the floor.
There is an escape hatch in the ceiling here.
You hit the rat.
You kill the rat!
The rat's corpse disappears in a puff of smoke!
Eustachio mumbles some strange words.
Eustachio blinks!
Okay, then.
Okay, then.
As you read the scroll of fog, it crumbles to dust.
The scroll dissolves into smoke.
Eustachio casts a spell.
Unknown command.
Eustachio utters an oath, "I will die for my friends!"
Eustachio hits you with a +5 rapier of venom!
You are lethally poisoned! 😮 HP[-10]
You take 10 damage, and now have 11/21 hp.
MASSIVE DAMAGE!! (PAUSE) Unknown command.
You feel yourself speed up.
* * * LOW HITPOINT WARNING * * *
You feel very sick.
Eustachio casts a spell.
Eustachio blinks! 😨 HP[-4]
You take 4 damage, and now have 7/21 hp.
Unknown command.
* * * LOW HITPOINT WARNING * * *
You feel sick.
There is an escape hatch in the ceiling here. 😱 HP[-2]
You take 2 damage, and now have 5/21 hp.
* * * LOW HITPOINT WARNING * * *
You feel sick. A mysterious force pulls you upwards.
The hatch slams shut behind you.
* * * LOW HITPOINT WARNING * * *
You feel sick.
Found 2 scrolls labelled LONTIE ERYADEWA.
Found a stone staircase leading down. 😱 HP[-2]
You take 2 damage, and now have 3/21 hp.
Unknown command.
Unknown command.
* * * LOW HITPOINT WARNING * * *
You feel sick. 😱 HP[-1]
You take 1 damage, and now have 2/21 hp.
* * * LOW HITPOINT WARNING * * *
You feel sick. 😱 HP[-1]
You take 1 damage, and now have 1/21 hp.
You die...

Skill      XL: |  1 |
---------------+----+-----
Stealth        | 7 |  7.4
Fighting       | |  3.0
Polearms       | |  2.0
Staves         | |  0.6
Dodging        | |  2.0

Action                   || total
-------------------------++-------
Melee: Spear             ||     7
       Constrict         ||     2
       Quarterstaff      ||     3
  Use: Scroll            ||     4
       Potion            ||     1
Dodge: Dodged            ||     8

Levels and vault maps discovered:
D:4:      layout_rooms, nicolae_overflow_crystal_walls,
          nicolae_kikubaaqudgha_miasma_corner, zin_purify,
          minmay_temple_entry_glassed_door, serial_glass, glass_columns_c,
          glass_columns_c, glass_columns_c, glass_columns_a, glass_columns_c,
          glass_columns_a, glass_columns_c, glass_columns_b,
          minmay_ogre_servants, uniq_edmund, uniq_blork_the_orc,
          uniq_crazy_yiuf_cottage
D:5:      layout_gridville, biasface_ghost_orc_armoury, serial_shops,
          nicolae_shop_behind_doors, nicolae_shop_statue_plus,
          kennysheep_little_box, uniq_duvessa, uniq_sigmund, uniq_eustachio
D:6:      layout_basic, nicolae_sif_muna_little_library, portal_sewer_entry_b

Notes
Turn   | Place    | Note
-------+----------+-------------------------------------------
     0 | D:5      | spaghetti the Octopode Delver began the quest for the Orb.
     0 | D:5      | Reached XP level 1. HP: 16/16 MP: 1/1
     0 | D:5      | magus.rc [v1.9.6]
    96 | D:6      | HP: 3/16 [adder (3)]
    98 | D:6      | Reached skill level 7 in Stealth
    98 | D:6      | Reached XP level 2. HP: 5/21 MP: 2/2
   108 | D:6      | Noticed a sky beast
   319 | D:5      | Noticed Eustachio
   324 | D:5      | Found Tiw Fubb's Jewellery Boutique.
   334 | D:5      | HP: 5/21 [poisoned by Eustachio]
   337 | D:4      | HP: 2/21 [poisoned by Eustachio]
   339 | D:4      | Succumbed to Eustachio's poison

Vanquished Creatures
  2 adders
2 creatures vanquished.

Table legend:
 A = Non-vault XP
 B = Vault XP
 C = Vault XP percentage of total XP
 D = Non-vault monster count
 E = Vault monster count
 F = Vault count percentage of total count
                 A         B        C        D         E       F
            +---------+---------+-------+---------+---------+-------
      Total |      26 |       0 |   0.0 |       2 |       0 |   0.0
            +---------+---------+-------+---------+---------+-------
        D:5 |      13 |       0 |   0.0 |       1 |       0 |   0.0
        D:6 |      13 |       0 |   0.0 |       1 |       0 |   0.0
            +---------+---------+-------+---------+---------+-------

Illustrated notes

Table legend:
 A = Kills in this place as a percentage of kills in entire the game.
 B = Kills by you in this place as a percentage of kills by you in the entire game.
 C = Kills by friends in this place as a percentage of kills by friends in the entire game.
 D = Other kills in this place as a percentage of other kills in the entire game.
 E = Experience gained in this place as a percentage of experience gained in the entire game.
 F = Experience gained in this place divided by the number of levels of this place that you have seen.
                   A       B       C       D       E      F
               +-------+-------+-------+-------+-------+----------------------
         Total | 100.0 | 100.0 |   N/A |   N/A | 100.0 |   8.7
       Dungeon | 100.0 | 100.0 |   N/A |   N/A | 100.0 |   8.7
               +-------+-------+-------+-------+-------+----------------------

Table legend: (Time is in decaauts)
 A = Elapsed time spent in this place.
 B = Non-inter-level travel time spent in this place.
 C = Inter-level travel time spent in this place.
 D = Time resting spent in this place.
 E = Time spent auto-exploring this place.
 F = Levels seen in this place.
 G = Mean time per level.
                   A        B        C        D        E       F      G
               +--------+--------+--------+--------+--------+-----+--------+
         Total |    337 |    315 |     22 |    186 |     70 |   3 |  112.3 |
       Dungeon |    337 |    315 |     22 |    186 |     70 |   3 |  112.3 |
               +--------+--------+--------+--------+--------+-----+--------+

Top non-repeatable levels by time:
     D:5: 227 daAuts
     D:6: 108 daAuts
     D:4: 1 daAuts
